 Dungeon Crawl Stone Soup version 0.29.1-1-gd02db6906a (webtiles) character file.

Game seed: 1138912574299423785

129 sluggamer the Firebug (level 4, 0/24 HPs)
             Began as a Deep Elf Fire Elementalist on Oct 6, 2022.
             Killed by divine providence
             ... invoked by an orc priest
              (15 damage)
             ... on level 3 of the Dungeon.
             The game lasted 00:09:14 (3144 turns).

sluggamer the Firebug (Deep Elf Fire Elementalist)  Turns: 3144, Time: 00:09:17

Health: 0/24       AC:  2    Str:  5    XL:     4   Next: 88%
Magic:  8/12       EV: 13    Int: 22    God:
Gold:   82         SH:  0    Dex: 15    Spells: 5/11 levels left

rFire   . . .      SeeInvis .   f - +0 dagger
rCold   + . .      Faith    .   (no shield)
rNeg    . . .      Spirit   .   a - +0 robe
rPois   .          Reflect  .   (no helmet)
rElec   .          Harm     .   (no cloak)
rCorr   .          Rampage  .   (no gloves)
Will    .....                   (no boots)
Stlth   ++........              (no amulet)
HPRegen 0.08/turn               j - ring of protection from cold
MPRegen 0.13/turn               (no ring)

@: very slightly contaminated
A: no striking features
a: no special abilities


You were on level 3 of the Dungeon.
You visited 1 branch of the dungeon, and saw 3 of its levels.

You collected 82 gold pieces.

Inventory:

Hand Weapons
 f - a +0 dagger (weapon)
Armour
 a - a +0 robe (worn)
Jewellery
 j - a ring of protection from cold (left hand)
Scrolls
 c - a scroll of immolation {unknown}
 d - a scroll of enchant armour {unknown}
 g - a scroll of noise
 h - a scroll of butterflies {unknown}
 i - 2 scrolls of identify {unknown}
Potions
 b - 2 potions of magic
 e - a potion of might {unknown}
 k - a potion of flight {unknown}


   Skills:
 * Level 4.1 Dodging
 - Level 2.4 Stealth
 + Level 4.0 Spellcasting
 - Level 1.2 Conjurations
 * Level 4.7 Fire Magic


You had 5 spell levels left.
You knew the following spells:

 Your Spells              Type           Power      Damage    Failure   Level
a - Foxfire               Conj/Fire      68%        2x1d7     3%          1
b - Scorch                Fire           50%        2d8       2%          2
c - Conjure Flame         Conj/Fire      17%        6-21      10%         3

Your spell library contained the following spells:

 Spells                   Type           Power      Damage    Failure   Level
 Static Discharge         Conj/Air       7%         3-4/arc   13%         2
 Inner Flame              Hex/Fire       14%        N/A       13%         3
 Flame Wave               Conj/Fire      17%        2d7       32%         4
 Lightning Bolt           Conj/Air       3%         1d15      94%         5
 Maxwell's Capacitive Co  Air            2%         ∞         100%        8


Dungeon Overview and Level Annotations

Branches:
Dungeon (3/15)

Altars:
Uskayaw


Message History

Confirm with . or Enter, or press ? or * to list all spells.
You conjure some foxfire!
You hear a shout!
Your foxfire dissipates!
Your foxfire dissipates!
You start resting.
Magic restored.
You start resting.
An orc comes into view. It is wielding a +0 dagger.
An orc comes into view. It is wielding a +0 club.
The orc shouts!
An orc priest comes into view. It is wielding a +0 short sword.
Casting: Foxfire (safe; 3% risk of failure)
Confirm with . or Enter, or press ? or * to list all spells.
You miscast Foxfire.
You are very lightly contaminated with residual magic.
Nothing appears to happen.
The orc priest calls upon Beogh to heal something.
You hear a shout!
Casting: Foxfire (safe; 3% risk of failure)
Confirm with . or Enter, or press ? or * to list all spells.
You conjure some foxfire!
The foxfire hits the orc.
The orc is moderately wounded.
The foxfire hits the orc but does no damage.
The orc is moderately wounded.
Casting: Foxfire (safe; 3% risk of failure)
Confirm with . or Enter, or press ? or * to list all spells.
You conjure some foxfire!
The foxfire hits the orc but does no damage.
The orc is moderately wounded.
The foxfire hits the orc.
The orc is heavily wounded.
Casting: Foxfire (safe; 3% risk of failure)
Confirm with . or Enter, or press ? or * to list all spells.
You conjure some foxfire!
The orc hits you with a +0 club.
The orc priest calls down the wrath of Beogh upon you.
Beogh smites you!
Ouch! That really hurt!
You die...

#.... ##...####. .#
.......... ...
###.........
#...#####.......o...
...............oo...
#....§v.o#........
#....@o..#.#
#...§v.....#
#..........###
#.#.....>..#
...........#
###........#
.........## .
.........# #.#######
.........##
###........


You could see an orc priest and an orc (ally target).

Vanquished Creatures
  A jelly (D:2)
  6 adders
  A dart slug (D:1)
  6 endoplasms
  5 goblins
  2 hobgoblins
  4 jackals (D:1)
  3 quokkas
  4 ball pythons
  6 bats
  3 frilled lizards (D:1)
  A kobold (D:2)
  4 rats
46 creatures vanquished.

Vanquished Creatures (others)
  148 foxfires
148 creatures vanquished.

Grand Total: 194 creatures vanquished

Notes
Turn   | Place    | Note
-------+----------+-------------------------------------------
     0 | D:1      | sluggamer the Deep Elf Fire Elementalist began the quest
                  | for the Orb.
     0 | D:1      | Reached XP level 1. HP: 10/10 MP: 6/6
   418 | D:1      | Reached XP level 2. HP: 9/15 MP: 4/8
  1020 | D:1      | Learned a level 2 spell: Scorch
  1357 | D:1      | Reached XP level 3. HP: 19/19 MP: 6/10
  2593 | D:2      | Reached XP level 4. HP: 24/24 MP: 6/11
  2936 | D:2      | Learned a level 3 spell: Conjure Flame
  3033 | D:3      | Found a hide-covered altar of Uskayaw.
  3144 | D:3      | Killed from afar by an orc priest

Illustrated notes

Levels and vault maps discovered:
D:1:      lemuel_arrival_room, layout_basic
D:2:      layout_loops_ring
D:3:      layout_rooms, xom_teletrap_fun, trog_three_pillars_becter,
          chequers_temple_overflow_statue_of_worship,
          gammafunk_ghost_nasty_kobolds, minmay_misc_feat_more_columns,
          minmay_joined_circles

Skill      XL: |  1  2  3  4 |
---------------+-------------+-----
Dodging        | 3 4 |  4.1
Fire Magic     | 4 |  4.7
Spellcasting   | 4 |  4.0
Stealth        | |  2.4
Conjurations   | |  1.2

Action                   |  1- 3 |  4- 6 || total
-------------------------+-------+-------++-------
 Cast: Foxfire           |    94 |    10 ||   104
       Scorch            |    14 |     5 ||    19
  Use: Scroll            |     2 |       ||     2
Armor: Robe              |     5 |     1 ||     6
Dodge: Dodged            |    17 |     2 ||    19
